 Dungeon Crawl Stone Soup version 0.27.1 (webtiles) character file.

Game seed: 13204942007948291046

95 horus123 the Covered (level 4, 0/37 HPs)
             Began as a Human Fighter on Aug 29, 2021.
             Slain by Sigmund (7 damage)
             ... on level 3 of the Dungeon.
             The game lasted 00:04:26 (2404 turns).

horus123 the Covered (Human Fighter)                Turns: 2404, Time: 00:04:26

Health: 0/37       AC:  9    Str: 17    XL:     4   Next: 95%
Magic:  4/4        EV:  7    Int:  9    God:
Gold:   72         SH:  9    Dex: 12    Spells: 3/3 levels left

rFire    . . .     SeeInvis .   a - +0 trident
rCold    + . .     Faith    .   c - +0 kite shield
rNeg     . . .     Spirit   .   f - +0 scale mail {rC+}
rPois    .         Reflect  .   (no helmet)
rElec    .         Harm     .   (no cloak)
rCorr    .         Rampage  .   (no gloves)
Will     .....                  h - +1 pair of boots
Stlth    ..........             (no amulet)
HPRegen  0.12/turn              (no ring)
MPRegen  0.09/turn              (no ring)

@: mighty
A: no striking features
a: no special abilities


You were on level 3 of the Dungeon.
You visited 1 branch of the dungeon, and saw 3 of its levels.

You collected 72 gold pieces.

Inventory:

Hand Weapons
 a - a +0 trident (weapon)
Armour
 c - a +0 kite shield (worn)
 f - a +0 scale mail of cold resistance (worn)
 h - a +1 pair of boots (worn)
Scrolls
 g - a scroll of teleportation
 i - a scroll of vulnerability
Potions
 b - 2 potions of attraction
 e - a potion of haste
 j - a potion of lignification


   Skills:
 * Level 3.9 Fighting
 + Level 2.4 Polearms
 * Level 4.0 Armour
 + Level 0.2 Dodging
 + Level 3.2 Shields


You had 3 spell levels left.
You didn't know any spells.
Your spell library contained the following spells:

 Spells                   Type           Power      Damage    Failure   Level
 Frozen Ramparts          Ice            0%         1d2       100%        3
 Ice Form                 Ice/Tmut       0%         N/A       100%        4
 Summon Ice Beast         Ice/Summ       0%         N/A       100%        4


Dungeon Overview and Level Annotations

Branches:
Dungeon (3/15)

Altars:

Annotations:
D:3 Sigmund


Message History

You hit the endoplasm.
The endoplasm is heavily wounded.
The endoplasm jiggles.
The endoplasm hits you but does no damage.
You hit the endoplasm.
You kill the endoplasm!
You block something's attack.
Reach: a) +0 trident
Press: ? - help, Dir - move target You reach to attack!
You barely miss something. Something hits you.
Reach: a) +0 trident
Press: ? - help, Dir - move target You reach to attack!
You barely miss something. Something hits you!
You feel very mighty all of a sudden. You block something's attack.
Reach: a) +0 trident
Press: ? - help, Dir - move target You reach to attack!
You miss something. Something hits you.
Reach: a) +0 trident
Press: ? - help, Dir - move target You reach to attack!
You miss something. Something hits you!
* * * LOW HITPOINT WARNING * * *
Reach: a) +0 trident
Press: ? - help, Dir - move target You reach to attack!
You puncture something! Something completely misses you.
Reach: a) +0 trident
Press: ? - help, Dir - move target You reach to attack!
You miss something.
Reach: a) +0 trident
Press: ? - help, Dir - move target You reach to attack!
You barely miss something. Something hits you but does no damage.
Reach: a) +0 trident
Press: ? - help, Dir - move target You reach to attack!
You hit something but do no damage. Something hits you but does no damage.
Reach: a) +0 trident
Press: ? - help, Dir - move target You reach to attack!
You closely miss something. Something hits you!
You die...

....... .....## .......
.......###### ....... ..........<
.. ....... ... ..... .. .....#
####.##....#####. ######
................## #
###..###.......... #
#####........#......# ####
#....@######..#.#...## ...#####
....##### ##.#......# ........ ##
#......#(# .#..#### #......#
.....# ##.....### ##.>.####
#########.........
##.#.<..########.....##......##..
#..###.......................##.#
#..#
###..######.....####...###)ยง


There were no monsters in sight!

Vanquished Creatures
  Jessica (D:3)
  2 adders (D:2)
  A worm (D:2)
  2 orcs (D:3)
  A ball python (D:1)
  4 endoplasms
  3 giant cockroaches
  A goblin (D:2)
  8 hobgoblins
  5 jackals
  3 quokkas
  2 bats
  3 frilled lizards
  4 kobolds
  A rat (D:1)
41 creatures vanquished.

Notes
Turn   | Place    | Note
-------+----------+-------------------------------------------
     0 | D:1      | horus123 the Human Fighter began the quest for the Orb.
     0 | D:1      | Reached XP level 1. HP: 18/18 MP: 1/1
   318 | D:1      | Reached XP level 2. HP: 16/24 MP: 2/2
  1193 | D:2      | Reached XP level 3. HP: 25/29 MP: 3/3
  1904 | D:2      | Reached XP level 4. HP: 37/37 MP: 4/4
  2006 | D:3      | Noticed Jessica
  2013 | D:3      | Killed Jessica
  2245 | D:3      | Reached skill level 4 in Armour
  2369 | D:3      | Noticed Sigmund
  2404 | D:3      | Slain by Sigmund

Illustrated notes

Levels and vault maps discovered:
D:1:      scummos_arrival_forest, layout_basic
D:2:      layout_basic, kennysheep_small_spiral
D:3:      layout_rooms, hangedman_decor_lopped, kennysheep_jessica_study,
          uniq_crazy_yiuf_cottage, uniq_sigmund

Skill      XL: |  1  2  3  4 |
---------------+-------------+-----
Armour         | 4 |  4.0
Fighting       | |  3.9
Polearms       | |  2.4
Dodging        | |  0.2
Shields        | |  3.2

Action                   |  1- 3 |  4- 6 || total
-------------------------+-------+-------++-------
Melee: Trident           |   109 |    58 ||   167
  Use: Scroll            |     4 |     2 ||     6
       Potion            |       |     1 ||     1
Armor: Scale mail        |    46 |    38 ||    84
Dodge: Dodged            |    21 |    17 ||    38
Block: Kite shield       |    51 |    29 ||    80
